 Dungeon Crawl Stone Soup version 0.17.0-24-gcfadda4 (webtiles) character file.

18 Sorcv the Sneak (level 2, -1/19 HPs)
             Began as a Mummy Enchanter on Nov 15, 2015.
             Slain by a giant frog (3 damage)
             ... on level 3 of the Dungeon.
             The game lasted 00:01:24 (421 turns).

Sorcv the Sneak (Mummy Enchanter)                    Turns: 421, Time: 00:01:24

Health: -1/19      AC:  6    Str: 11    XL:     2   Next: 51%
Magic:  0/5        EV: 12    Int: 14    God:
Gold:   36         SH:  0    Dex: 12    Spells: 2 memorised, 2 levels left

rFire  x . .     SeeInvis .     a - +1 dagger
rCold  + . .     Clarity  .     b - +1 robe
rNeg   + + +     SustAt   .     (no shield)
rPois  ∞         Gourm    .     (no helmet)
rElec  .         Spirit   .     e - +1 cloak
rCorr  .         Warding  .     h - +0 pair of gloves
rMut   .         Stasis   .     (no boots)
MR     .....                    (no amulet)
Stlth  ++........               (no ring)
                                (no ring)

@: not resistant to hostile enchantments, unstealthy
A: no food or potions, fire vulnerability, cold resistance 1, negative energy
resistance 3, torment resistance, unbreathing
a: no special abilities


You were on level 3 of the Dungeon.
You were not hungry.

You visited 1 branch of the dungeon, and saw 3 of its levels.

You collected 36 gold pieces.

Inventory:

Hand Weapons
 a - a +1 dagger (weapon)
Armour
 b - a +1 robe (worn)
 e - a +1 cloak (worn)
 h - a +0 pair of gloves (worn)
Scrolls
 d - 2 scrolls of identify {unknown}
 f - a scroll of remove curse {unknown}
 g - a scroll of enchant weapon {unknown}
 i - a scroll of teleportation {unknown}
Books
 c - a book of Maledictions

   Spells                             Type                      Level
   a - Corona                         Hexes                        1
   b - Ensorcelled Hibernation        Hexes/Ice                    2
   c - Confuse                        Hexes                        3
   d - Tukima's Dance                 Hexes                        3
   e - Dazzling Spray                 Conjuration/Hexes            3


   Skills:
 + Level 1.0 Short Blades
 + Level 1.9 Dodging
 * Level 2.9 Stealth
 - Level 2.0 Spellcasting
 + Level 2.8 Hexes


You had 2 spell levels left.
You knew the following spells:

 Your Spells              Type           Power        Failure   Level  Hunger
a - Corona                Hex            #......      10%         1    N/A
b - Ensorcelled Hibernat  Hex/Ice        #.....       24%         2    N/A

Dungeon Overview and Level Annotations

Branches:
Dungeon (3/15)

Altars:


Innate Abilities, Weirdness & Mutations

You do not eat or drink.
Your flesh is vulnerable to fire.
You are immune to poison.
Your flesh is cold resistant.
You are immune to negative energy.
You are immune to unholy pain and torment.
You can survive without breathing.


Message History

Casting: Ensorcelled Hibernation
Confirm with . or Enter, or press ? or * to list all spells.
You don't have enough magic to cast that spell.
Casting: Ensorcelled Hibernation
Confirm with . or Enter, or press ? or * to list all spells.
Aiming: Corona
Press: ? - help, Shift-Dir - straight line, f/p - giant frog
Aim: a giant frog (chance to defeat MR: 44%)
The giant frog resists with significant effort.
The giant frog hits you.
* * * LOW HITPOINT WARNING * * *
You barely miss the giant frog. The giant frog hits you.
* * * LOW HITPOINT WARNING * * *
The giant frog closely misses you.
You hit the giant frog but do no damage.
The giant frog hits you but does no damage.
You hit the giant frog.
The giant frog is lightly wounded.
The giant frog hits you.
You die...

##.## #. #.# #.# #.#
########.# #.#
.........## #.#
..........### #.#
..........+.# #.#
..........#.##########.##
..............gF@.......#
..l...$.....#############
............#
................
..........##.###
########+## ... .#..
..... .. ..


You could see a giant frog and a hobgoblin.

Vanquished Creatures
  An adder (D:3)
  A goblin (D:1)
  A hobgoblin (D:1)
  A kobold (D:2)
  4 jackals (D:3)
  3 rats (D:1)
11 creatures vanquished.

Notes
Turn   | Place    | Note
--------------------------------------------------------------
     0 | D:1      | Sorcv the Mummy Enchanter began the quest for the Orb.
     0 | D:1      | Reached XP level 1. HP: 13/13 MP: 3/3
   314 | D:3      | Reached XP level 2. HP: 10/19 MP: 5/5
   324 | D:3      | Learned a level 2 spell: Ensorcelled Hibernation
   338 | D:3      | Reached skill level 1 in Short Blades
   406 | D:3      | Noticed a giant frog
   421 | D:3      | Slain by a giant frog

Action                   || total
-------------------------++-------
Melee: Dagger            ||    48
 Cast: Ensorcelled Hiber ||     2
       Corona            ||     1
 Stab: Distracted        ||     1
